 Dungeon Crawl Stone Soup version 0.31-a0-948-gf5be29c462 (webtiles) character file.

Game seed: 10838177364224091263

47 Bnni the Shooter (level 3, -2/22 HPs)
             Began as a Tengu Hunter on Oct 21, 2023.
             Slain by a gnoll
             ... wielding a +1 heavy flail
              (7 damage)
             ... on level 2 of the Dungeon.
             The game lasted 00:01:09 (782 turns).

Bnni the Shooter (Tengu Hunter)                      Turns: 782, Time: 00:01:09

Health: -2/22      AC:  4    Str: 11    XL:     3   Next: 70%
Magic:  4/4        EV: 12    Int:  9    God:
Gold:   72         SH:  0    Dex: 19    Spells: 2/2 levels left

rFire   . . .        a - +0 shortbow
rCold   + . .        (shield currently unavailable)
rNeg    . . .        c - +0 leather armour
rPois   .            (helmet restricted)
rElec   .            (no cloak)
rCorr   .            e - +0 pair of gloves
SInv    .            (boots unavailable)
Will    .....        (no amulet)
Stlth   ++           i - ring of protection from cold
HPRegen 0.23/turn    (no ring)
MPRegen 0.09/turn

%: acrobat
@: no status effects
A: beak, talons 3, acrobatic
a: no special abilities


You were on level 2 of the Dungeon.
You visited 1 branch of the dungeon, and saw 2 of its levels.

You collected 72 gold pieces.

Inventory:

Hand Weapons
 a - a +0 shortbow (weapon)
Armour
 c - a +0 leather armour (worn)
 e - a +0 pair of gloves (worn)
Jewellery
 i - a ring of protection from cold (left hand)
Scrolls
 b - a scroll of butterflies
 d - a scroll of revelation {unknown}
 f - a scroll of acquirement {unknown}
 h - a scroll of fear {unknown}
 j - a scroll of enchant armour {unknown}
 l - a scroll of enchant weapon {unknown}
Potions
 g - a potion of curing {unknown}
 k - a potion of haste {unknown}


   Skills:
 + Level 2.7 Fighting
 * Level 5.4 Ranged Weapons
 - Level 2.1 Dodging
 - Level 1.0 Stealth


You had 2 spell levels left.
You didn't know any spells.
Your spell library contained the following spells:

 Spells                   Type           Power      Damage    Failure   Level
 Cigotuvi's Dreadful Rot  Necr/Pois/Air  0%         N/A       63%         2
 Ignite Poison            Fire/Tmut/Pois 0%         N/A       85%         3
 Animate Dead             Necr           0%         N/A       99%         4
 Borgnjor's Vile Clutch   Necr/Erth      0%         N/A       100%        5
 Freezing Cloud           Conj/Ice/Air   0%         6-21      100%        5
 Death Channel            Necr           0%         N/A       100%        6


Dungeon Overview and Level Annotations

Branches:
Dungeon (2/15)

Altars:
Makhleb


Innate Abilities, Weirdness & Mutations

You have a beak for a mouth.
You have claws for feet.
You can magically evade attacks while moving or waiting.


Message History

You shoot an arrow. The arrow hits the gnoll.
The gnoll is heavily wounded.
Okay, then.
You shoot an arrow.
The arrow hits the gnoll but does no damage.
The gnoll is heavily wounded.
The gnoll barely misses you.
You shoot an arrow. The arrow closely misses the gnoll.
The arrow hits the gnoll!
The gnoll is severely wounded.
The gnoll completely misses you.
You shoot an arrow. The arrow hits the gnoll.
The gnoll is almost dead.
The gnoll hits you with a +0 flail.
You shoot an arrow. The arrow hits the gnoll.
You kill the gnoll!
You shoot an arrow. The arrow hits the gnoll.
You kill the gnoll!
The gnoll hits you with a +1 heavy flail!
Ouch! That really hurt!
* * * LOW HITPOINT WARNING * * *
You are too injured to fight recklessly!
You are too injured to fight recklessly!
Unknown command.
You shoot an arrow. The arrow hits the gnoll.
The gnoll is moderately wounded.
You shoot an arrow.
The arrow hits the gnoll but does no damage.
The gnoll is moderately wounded.
The gnoll barely misses you.
Unknown command.
Okay, then.
You shoot an arrow.
The arrow hits the gnoll but does no damage.
The gnoll is moderately wounded.
The gnoll completely misses you.
You shoot an arrow. The arrow hits the gnoll.
The gnoll is moderately wounded.
The gnoll hits you with a +1 heavy flail!
You die...

... ####### #.#
#.....# #.#
#.....# #.#
###.....# #.#
.##.....# #S#
.##.....# #g#
.####.### ##@#
.#......#######..#
.#.##.#.......#.##
.#.##.#.#####.#.#
......#.#####.#.#
.#........†.....#
....#.#.##.##.###
.#............#
.#.##.#.#####.#


You could see a gnoll and an adder.

Vanquished Creatures
  2 gnolls (D:2)
  A worm (D:2)
  2 dart slugs (D:1)
  2 ball pythons
  3 endoplasms
  2 goblins (D:1)
  A hobgoblin (D:1)
  3 jackals (D:2)
  A frilled lizard (D:1)
  3 kobolds
  A rat (D:1)
21 creatures vanquished.

Notes
Turn   | Place    | Note
-------+----------+-------------------------------------------
     0 | D:1      | Bnni the Tengu Hunter began the quest for the Orb.
     0 | D:1      | Reached XP level 1. HP: 12/12 MP: 2/2
   208 | D:1      | Reached XP level 2. HP: 17/17 MP: 3/3
   340 | D:1      | Found a faded altar of an unknown god.
   688 | D:2      | Found a burning altar of Makhleb.
   694 | D:2      | Reached skill level 5 in Ranged Weapons
   705 | D:2      | Reached XP level 3. HP: 22/22 MP: 4/4
   782 | D:2      | Slain by a gnoll

Illustrated notes

Levels and vault maps discovered:
D:1:      shiori_arrival_maze, layout_basic, ebering_ecumenical_altar_webs,
          chequers_serial_rivers_large_a
D:2:      layout_loops_cross, basic_altar

Skill      XL: |  1  2 |
---------------+-------+-----
Ranged Weapons | 5 |  5.4
Fighting       | |  2.7
Dodging        | |  2.1
Stealth        | |  1.0

Action                     || total
---------------------------++-------
   Fire: Shortbow          ||    71
 Armour: Leather armour    ||    17
  Dodge: Dodged            ||    15

Table legend: (Time is in decaauts)
 A = Elapsed time spent in this place.
 B = Non-inter-level travel time spent in this place.
 C = Inter-level travel time spent in this place.
 D = Time resting spent in this place.
 E = Time spent auto-exploring this place.
 F = Levels seen in this place.
 G = Mean time per level.
                   A        B        C        D        E       F      G
               +--------+--------+--------+--------+--------+-----+--------+
         Total |    808 |    775 |     33 |      0 |    645 |   2 |  404.0 |
       Dungeon |    808 |    775 |     33 |      0 |    645 |   2 |  404.0 |
               +--------+--------+--------+--------+--------+-----+--------+

Top non-repeatable levels by time:
     D:1: 618 daAuts
     D:2: 190 daAuts
